 Dungeon Crawl Stone Soup version 0.31-a0-765-g67fe2935dc (webtiles) character file.

Game seed: 9235096463613314239

19313 ryw the Arsonist (level 12, -8/89 HPs)
             Began as a Demigod Fire Elementalist on Sept 16, 2023.
             Mangled by a komodo dragon (11 damage)
             ... on level 2 of the Lair of Beasts.
             The game lasted 00:57:24 (17132 turns).

ryw the Arsonist (Demigod Fire Elementalist)       Turns: 17132, Time: 00:57:24

Health: -8/89      AC: 12    Str:  9    XL:     12   Next: 8%
Magic:  1/25       EV: 28    Int: 33    God:
Gold:   720        SH:  0    Dex: 14    Spells: 0/23 levels left

rFire   . . .        q - +3 dagger (venom)
rCold   . . .        (no shield)
rNeg    . . .        c - +0 steam dragon scales
rPois   +            y - +2 helmet
rElec   .            C - +0 cloak
rCorr   .            f - +2 pair of gloves
SInv    .            (no boots)
Will    +....        p - amulet of the acrobat
Stlth   ++           h - ring of poison resistance
HPRegen 0.34/turn    (no ring)
MPRegen 0.19/turn

%: acrobat
@: acrobatic
A: high MP 1, forlorn, divine attributes
a: no special abilities


You were on level 2 of the Lair of Beasts.
You visited 2 branches of the dungeon, and saw 11 of its levels.
You also visited: Bailey.

You collected 720 gold pieces.

Inventory:

Hand Weapons
 q - a +3 dagger of venom (weapon)
 w - a +1 scimitar of flaming
Missiles
 d - 3 throwing nets (quivered)
Armour
 c - +0 steam dragon scales (worn)
 f - a +2 pair of gloves (worn)
 y - a +2 helmet (worn)
 C - a +0 cloak (worn)
 D - a +2 robe of willpower
 F - the quicksilver dragon scales "Pitiuw" {-Tele rPois rN+ Will+ Dex+4}
   (You found it in a bailey)

   Dex+4:     It affects your dexterity (+4).
   rPois:     It protects you from poison rN+: It protects you from negative
   energy.
   Will+:     It increases your willpower.
   -Tele:     It prevents most forms of teleportation.
 G - a +2 robe of cold resistance
Jewellery
 h - a ring of poison resistance (left hand)
 k - an amulet of regeneration
 n - a ring of flight
 p - an amulet of the acrobat (around neck)
Wands
 l - a wand of charming (8)
 r - a wand of roots (14)
Scrolls
 j - 2 scrolls of fog
 s - a scroll of enchant weapon
 t - 3 scrolls of teleportation
 z - a scroll of amnesia
 A - a scroll of revelation
Potions
 b - 4 potions of magic
 e - 4 potions of resistance
 g - 3 potions of haste
 i - 2 potions of enlightenment
 m - 2 potions of mutation
 o - 3 potions of cancellation
 u - a potion of curing
 v - 2 potions of might
 x - a potion of berserk rage
 B - a potion of invisibility
 E - 3 potions of brilliance {unknown}


   Skills:
 - Level 3.0 Fighting
 - Level 1.0 Short Blades
 - Level 3.0 Dodging
 - Level 2.0 Stealth
 + Level 6.4 Spellcasting
 + Level 9.3 Conjurations
 - Level 5.0 Translocations
 * Level 13.2 Fire Magic
 * Level 4.0 Air Magic


You couldn't memorise any spells.
You knew the following spells:

 Your Spells              Type           Power      Damage    Failure   Level
a - Foxfire               Conj/Fire      100%       2x1d9     1%          1
b - Scorch                Fire           100%       2d9       1%          2
c - Momentum Strike       Conj/Tloc      100%       3d10      1%          2
d - Blink                 Tloc           86%        N/A       1%          2
e - Iskenderun's Mystic   Conj/Tloc      55%        2d12      2%          4
f - Plasma Beam           Fire/Air       30%        2x1d43    19%         6
g - Starburst             Conj/Fire      35%        6d10      6%          6

Your spell library contained the following spells:

 Spells                   Type           Power      Damage    Failure   Level
 Magic Dart               Conj           100%       1d8       1%          1
 Lesser Beckoning         Tloc           86%        N/A       1%          2
 Searing Ray              Conj           100%       2d8       1%          2
 Inner Flame              Hex/Fire       52%        N/A       1%          3
 Volatile Blastmotes      Fire/Tloc      100%       2d18      1%          3
 Flame Wave               Conj/Fire      71%        2d16      1%          4
 Necrotise                Necr           40%        1d6       4%          1
 Fulminant Prism          Conj/Hex       20%        3d12      6%          4
 Vampiric Draining        Necr           10%        2d6       12%         3
 Agony                    Necr           10%        N/A       75%         5


Dungeon Overview and Level Annotations

Branches:
Dungeon (9/15)             Temple (0/1) D:7            Lair (2/5) D:9
  Snake (0/4) Lair:2       Bailey (visited)
  Swamp: Lair:2-3    Shoals: Lair:2-3       Orc: D:9-12

Shops:
D:3 ?

Annotations:
D:4 1 runed translucent door, cforsyth's ghost, amateur DjDe


Innate Abilities, Weirdness & Mutations

You have an increased reservoir of magic. (+10% MP)
You shall have no god before yourself.
Your divine heritage dramatically boosts your attributes as you level up.


Message History

Casting: Foxfire (safe; 1% risk of failure)
Confirm with . or Enter, or press ? or * to list all spells.
You don't have enough magic to cast this spell.
You hit the komodo dragon.
The komodo dragon is poisoned.
The komodo dragon is heavily wounded.
The foxfire hits the komodo dragon but does no damage.
The komodo dragon is severely wounded.
The foxfire hits the komodo dragon but does no damage.
The komodo dragon is severely wounded.
The komodo dragon bites you!
You hit the komodo dragon but do no damage.
The komodo dragon is severely wounded.
The komodo dragon barely misses you.
Casting: Foxfire (safe; 1% risk of failure)
Confirm with . or Enter, or press ? or * to list all spells.
You conjure some foxfire!
The komodo dragon bites you!!
You barely miss the komodo dragon.
The komodo dragon is severely wounded.
The foxfire hits the komodo dragon but does no damage.
The komodo dragon is severely wounded.
The foxfire hits the komodo dragon but does no damage.
The komodo dragon is severely wounded.
The komodo dragon bites you but does no damage.
You hit the komodo dragon but do no damage.
The komodo dragon looks as sick as possible!
The komodo dragon is severely wounded.
The komodo dragon bites you!!
* * * LOW HITPOINT WARNING * * *
You hit the komodo dragon but do no damage.
The komodo dragon is severely wounded.
The komodo dragon bites you!
* * * LOW HITPOINT WARNING * * *
You feel better. The komodo dragon bites you!!
* * * LOW HITPOINT WARNING * * *
Found a stone staircase leading down.
Things that are here:
a +0 robe; a +0 hand axe The komodo dragon attacks as it pursues you!
The komodo dragon bites you!
You die...

.. ....P. ..^
####.....# ...#
#.........
..#.##.........
...............
...............
.>.............
.......@..)....
...###.l>..../.
#.........
##<†......
........†......
~~.............
≈~~~~~...8..8..
≈≈≈≈≈~~~~8..8..
~≈≈≈≈≈≈≈~~..~..


You could see a komodo dragon (very poisoned).

Vanquished Creatures
  Fannar (Lair:1)
  Harold (D:8)
  3 two-headed ogres
  A boulder beetle (Lair:1)
  A cyclops (D:8)
  2 black mambas
  5 cane toads
  Maggie (D:6)
  3 kobold demonologists
  2 trolls
  A polar bear (Lair:1)
  2 basilisks
  3 spriggans (Bailey)
  A wyvern (Lair:1)
  9 yaks
  A steam dragon (Bailey)
  Edmund (D:6)
  4 nagas
  10 water moccasins
  4 orc warriors (D:7)
  7 black bears
  An ice beast (D:7)
  9 ogres
  4 centaurs
  10 wolves
  A phantom (D:6)
  2 kobold brigands
  13 bullfrogs
  A gnoll sergeant (D:9)
  8 scorpions
  10 wights
  A water moccasin zombie (D:5)
  16 killer bees
  9 howler monkeys
  2 bullfrog zombies (D:5)
  2 centaur skeletons (D:5)
  6 hounds
  2 jellies
  7 orc priests
  Crazy Yiuf (D:6)
  2 bullfrog skeletons (D:5)
  A sleepcap (D:7)
  6 iguanas
  12 orc wizards
  3 hound zombies (D:5)
  A howler monkey skeleton (D:5)
  14 gnolls
  Robin (D:3)
  10 adders
  3 white imps
  4 worms
  2 adder skeletons (D:5)
  5 dart slugs
  46 orcs
  7 endoplasms
  A giant cockroach (D:1)
  15 goblins
  8 hobgoblins
  2 jackals (D:1)
  8 quokkas
  6 ball pythons
  8 bats
  2 frilled lizards
  24 kobolds
  6 rats
365 creatures vanquished.

Vanquished Creatures (collateral kills)
  7 foxfires
7 creatures vanquished.

Vanquished Creatures (others)
  1435 foxfires
1435 creatures vanquished.

Grand Total: 1807 creatures vanquished

Notes
Turn   | Place    | Note
-------+----------+-------------------------------------------
     0 | D:1      | ryw the Demigod Fire Elementalist began the quest for the
                  | Orb.
     0 | D:1      | Reached XP level 1. HP: 14/14 MP: 5/5
    91 | D:1      | Reached skill level 1 in Conjurations
   181 | D:1      | Reached XP level 2. HP: 20/20 MP: 2/7
   229 | D:1      | Learned a level 2 spell: Scorch
   315 | D:1      | Reached skill level 3 in Fire Magic
  1508 | D:2      | Reached XP level 3. HP: 26/26 MP: 5/8
  1849 | D:2      | You fall into a shaft and drop 2 floors!
  1851 | D:4      | Noticed a centaur
  2555 | D:3      | Reached XP level 4. HP: 32/33 MP: 3/10
  2567 | D:3      | Noticed Robin
  2731 | D:3      | Reached skill level 4 in Fire Magic
  2966 | D:3      | Found Osaikkic's Magic Scroll Shop.
  3248 | D:3      | Reached XP level 5. HP: 38/38 MP: 8/11
  3435 | D:3      | Killed Robin
  3642 | D:3      | Learned a level 2 spell: Momentum Strike
  3645 | D:3      | Learned a level 2 spell: Blink
  3815 | D:4      | Reached skill level 1 in Translocations
  3889 | D:4      | Noticed an ogre
  3895 | D:4      | Killed an ogre
  3896 | D:4      | Reached skill level 1 in Short Blades
  3896 | D:4      | Reached XP level 6. HP: 46/46 MP: 4/13
  4062 | D:4      | Reached skill level 1 in Fighting
  4257 | D:4      | Found a runed translucent door.
  4257 | D:4      | Noticed cforsyth's ghost (amateur DjDe)
  4399 | D:4      | Reached skill level 5 in Fire Magic
  4498 | D:4      | Reached XP level 7. HP: 52/52 MP: 10/14
  5152 | D:5      | Entered Level 5 of the Dungeon
  6041 | D:5      | Reached XP level 8. HP: 59/59 MP: 11/16
  6212 | D:5      | Reached skill level 6 in Fire Magic
  6371 | D:5      | Learned a level 4 spell: Iskenderun's Mystic Blast
  6382 | D:6      | Noticed Maggie
  6404 | D:6      | HP: 2/59 [Maggie/bolt of fire (21)]
  6405 | D:6      | Killed Maggie
  6541 | D:6      | Noticed a two-headed ogre
  6700 | D:6      | Killed a two-headed ogre
  6701 | D:6      | Reached skill level 7 in Fire Magic
  6701 | D:6      | Reached XP level 9. HP: 64/64 MP: 10/19
  6846 | D:6      | Reached skill level 5 in Conjurations
  6846 | D:6      | Reached skill level 5 in Translocations
  6976 | D:6      | Noticed Edmund
  6988 | D:6      | Killed Edmund
  6989 | D:6      | Reached skill level 5 in Spellcasting
  7174 | D:6      | Reached skill level 8 in Fire Magic
  7734 | D:6      | Found a runed translucent door.
  7735 | D:6      | Noticed Crazy Yiuf
  7744 | D:6      | Killed Crazy Yiuf
  8655 | D:7      | Found a runed translucent door.
  9111 | D:7      | Found a staircase to the Ecumenical Temple.
  9483 | D:7      | Reached skill level 9 in Fire Magic
  9556 | D:7      | Reached XP level 10. HP: 50/72 MP: 1/22
 10124 | D:8      | Found a flagged portal.
 10172 | Bailey   | Entered a bailey
 10453 | Bailey   | Reached skill level 10 in Fire Magic
 10652 | Bailey   | Noticed a two-headed ogre
 10658 | Bailey   | Killed a two-headed ogre
 10780 | Bailey   | Identified the quicksilver dragon scales "Pitiuw" {-Tele
                  | rPois rN+ Will+ Dex+4}
 10847 | D:8      | Noticed a cyclops
 10855 | D:8      | Killed a cyclops
 11156 | D:8      | Reached skill level 11 in Fire Magic
 11543 | D:8      | Noticed a two-headed ogre
 12293 | D:8      | Killed a two-headed ogre
 12294 | D:8      | Reached XP level 11. HP: 78/79 MP: 16/24
 12592 | D:9      | Noticed Harold
 12629 | D:8      | Killed Harold
 13069 | D:8      | Learned a level 6 spell: Plasma Beam
 13087 | D:9      | Reached skill level 12 in Fire Magic
 13377 | D:9      | Reached skill level 1 in Air Magic
 13599 | D:9      | Found a staircase to the Lair.
 14059 | Lair:1   | Entered Level 1 of the Lair of Beasts
 15470 | Lair:2   | Noticed a boulder beetle
 15585 | Lair:2   | Noticed Fannar
 16046 | Lair:1   | Killed Fannar
 16488 | Lair:2   | Reached skill level 13 in Fire Magic
 16717 | Lair:1   | Killed a boulder beetle
 16718 | Lair:1   | Reached XP level 12. HP: 32/89 MP: 0/25
 16968 | Lair:1   | Learned a level 6 spell: Starburst
 16987 | Lair:2   | Found a staircase to the Snake Pit.
 16987 | Lair:2   | Noticed a five-headed hydra
 17129 | Lair:2   | HP: 2/89 [komodo dragon (23)]
 17132 | Lair:2   | Mangled by a komodo dragon

Illustrated notes

Levels and vault maps discovered:
D:1:      shiori_arrival_oz, layout_loops_ring, chequers_serial_rivers_large_a
D:2:      layout_basic, basic_altar
D:3:      layout_loops_ring, serial_shops, shop, serial_glass, glass_columns_a,
          glass_columns_b, glass_columns_b, glass_columns_b,
          minmay_misc_feat_rugged, ebering_dispersal_statue_hall, uniq_robin
D:4:      layout_basic, grunt_temple_overflow_growth_and_decay,
          lemuel_coloured_pillars_altar, mainiacjoe_overflow_alcove_1,
          hellmonk_ghost_happy_afterlife, minmay_goblin_kobold_house
D:5:      layout_loops_cross, mainiacjoe_overflow_brackets,
          nicolae_ossuary_entry_monument, serial_undead, serial_undead_a,
          serial_undead_e, serial_undead_b, serial_undead_b
D:6:      layout_basic, mainiacjoe_overflow_surrounded_room, led_sif_book,
          cheibrodos_sewer_entry_sluice, minmay_quadrilaterals,
          uniq_crazy_yiuf_cottage, uniq_maggie, uniq_edmund
D:7:      layout_basic, minmay_temple_entry_poolview, lightli_church_of_beogh
D:8:      layout_basic, enter_bailey_5, minivault_4, small_statue_intersection,
          nrook_loot_triangle, corexii_checkpoint_a, minmay_puff
D:9:      layout_basic, cheibrodos_worm_habitat,
          chequers_temple_overflow_minitemple, due_lair_maze_entry_diamond,
          uniq_harold
Lair:1:   layout_loops_ring
Lair:2:   wander_river, layout_gridlike, elwin_shoals_entry_rooms,
          minmay_snake_entry_guardpost_small, uniq_fannar

Skill      XL: |  1  2  3  4  5  6  7  8  9 10 11 12 |
---------------+-------------------------------------+-----
Conjurations   | 1 2 3 4 6 7 9 |  9.3
Dodging        | 2 3 |  3.0
Stealth        | 2 |  2.0
Fire Magic     | 3 4 5 7 9 11 13 | 13.2
Spellcasting   | 2 3 4 5 6 |  6.4
Translocations | 1 2 3 4 5 |  5.0
Short Blades   | 1 |  1.0
Fighting       | 1 2 3 |  3.0
Air Magic      | 3 4 |  4.0

Action                     |  1- 3 |  4- 6 |  7- 9 | 10-12 || total
---------------------------+-------+-------+-------+-------++-------
  Melee: Short sword       |    17 |       |       |       ||    17
         Dagger            |     3 |    18 |    95 |   107 ||   223
         Punch             |       |     1 |     2 |     1 ||     4
  Throw: Throwing net      |       |       |       |     1 ||     1
   Cast: Foxfire           |    90 |   113 |   320 |   323 ||   846
         Scorch            |     1 |       |    13 |   194 ||   208
         Momentum Strike   |       |     2 |    18 |    13 ||    33
         Iskenderun's Myst |       |       |     2 |     5 ||     7
         Blink             |       |       |       |     5 ||     5
         Starburst         |       |       |       |     2 ||     2
  Evoke: Wand              |       |       |       |     1 ||     1
    Use: Scroll            |     6 |     5 |    11 |     6 ||    28
         Potion            |       |       |     4 |     6 ||    10
 Armour: Robe              |    27 |    29 |    43 |       ||    99
         Steam dragon scal |       |       |    79 |   255 ||   334
  Dodge: Dodged            |    35 |    34 |   153 |   296 ||   518

Table legend: (Time is in decaauts)
 A = Elapsed time spent in this place.
 B = Non-inter-level travel time spent in this place.
 C = Inter-level travel time spent in this place.
 D = Time resting spent in this place.
 E = Time spent auto-exploring this place.
 F = Levels seen in this place.
 G = Mean time per level.
                   A        B        C        D        E       F      G
               +--------+--------+--------+--------+--------+-----+--------+
         Total |  17175 |  16430 |    745 |   5418 |   7657 |  12 | 1431.2 |
       Dungeon |  13422 |  12896 |    526 |   3330 |   6945 |   9 | 1491.3 |
          Lair |   3079 |   2860 |    219 |   1676 |    705 |   2 | 1539.5 |
        Bailey |    674 |    674 |      0 |    412 |      6 |   1 |  674.0 |
               +--------+--------+--------+--------+--------+-----+--------+

Top non-repeatable levels by time:
  Lair:1: 2919 daAuts
     D:7: 2564 daAuts
     D:8: 1697 daAuts
     D:4: 1501 daAuts
     D:6: 1399 daAuts
     D:1: 1340 daAuts
     D:5: 1317 daAuts
     D:9: 1281 daAuts
     D:2: 1228 daAuts
     D:3: 1091 daAuts
  Bailey: 674 daAuts
  Lair:2: 159 daAuts
